 Dungeon Crawl Stone Soup version 0.17-a0-2115-g0d8b93e (webtiles) character file.

15264 Arkorax the Bludgeoner (level 12, -17/144 HPs)
             Began as an Ogre Berserker on Oct 19, 2015.
             Was a Priest of Trog.
             Demolished by Maka's ghost (21 damage)
             ... on level 2 of the Lair of Beasts on Oct 20, 2015.
             The game lasted 00:36:07 (13090 turns).

Arkorax the Bludgeoner (Ogre Berserker)            Turns: 13090, Time: 00:36:08

Health: -17/144    AC:  8    Str: 29      XL:     12   Next: 25%
Magic:  12/12      EV: 14    Int:  6      God:    Trog [***...]
Gold:   632        SH:  0    Dex:  6 (9)  Spells: 0 memorised, 11 levels left

rFire  . . .     SeeInvis .     I - +2 giant spiked club
rCold  . . .     Clarity  .     F - +2 robe {MR+}
rNeg   . . .     SustAt   .     (no shield)
rPois  .         Gourm    .     t - +2 hat
rElec  .         Spirit   .     B - +0 cloak
rCorr  +         Warding  .     (gloves unavailable)
rMut   .         Stasis   .     (boots unavailable)
MR     ++++.                    y - amulet of resist corrosion
Stlth  +.........               (no ring)
                                l - +4 ring of evasion

@: very slightly contaminated, regenerating, hasted, very quick, incredibly
resistant to hostile enchantments, very unstealthy
A: unfitting armour, tough skin 1
a: Berserk, Trog's Hand, Burn Spellbooks, Renounce Religion


You were on level 2 of the Lair of Beasts.
You worshipped Trog.
Trog was most pleased with you.
You were hungry.

You visited 2 branches of the dungeon, and saw 13 of its levels.

You collected 648 gold pieces.
You spent 16 gold pieces at shops.

Inventory:

Hand Weapons
 g - a +0 flail of protection
 w - the +1 rapier of the Illusory Beggars {flame, Dex+3}
   (You found it on level 4 of the Dungeon)

   It has been specially enchanted to burn those struck by it, causing extra
   injury to most foes and up to half again as much damage against particularly
   susceptible opponents.
   It affects your dexterity (+3).
 x - a +0 giant club
 I - a +2 giant spiked club (weapon)
Missiles
 D - 3 tomahawks of returning (quivered)
 O - 5 steel javelins
Armour
 t - a +2 hat (worn)
 B - a +0 cloak (worn)
 F - a +2 robe of magic resistance (worn)
Jewellery
 b - a -2 ring of intelligence
 l - a +4 ring of evasion (left hand)
 u - an uncursed amulet of faith {unknown}
 y - an amulet of resist corrosion (around neck)
 L - an uncursed ring of positive energy {unknown}
 R - an uncursed ring of positive energy {unknown}
 S - a cursed amulet of inaccuracy {unknown}
Wands
 i - a wand of random effects (25)
 T - a wand of fireball (5)
 Y - a wand of lightning (10)
Scrolls
 e - 2 scrolls of magic mapping
 j - 4 scrolls of fog
 k - 4 scrolls of identify
 o - 2 scrolls of enchant armour
 q - 4 scrolls of recharging
 r - 2 scrolls of immolation
 E - a scroll of fear
 H - 3 scrolls of noise {unknown}
Potions
 a - a potion of ambrosia {unknown}
 c - a potion of might {unknown}
 d - 3 potions of agility {unknown}
 h - 2 potions of haste
 p - a potion of invisibility {unknown}
 s - 2 potions of mutation {unknown}
 v - 3 potions of curing {unknown}
 C - 7 potions of poison
 Q - 3 potions of degeneration
Books
 M - a book of Frost

   Spells                             Type                      Level
   a - Freeze                         Ice                          1
   b - Throw Frost                    Conjuration/Ice              2
   c - Ozocubu's Armour               Charms/Ice                   3
   d - Throw Icicle                   Conjuration/Ice              4
   e - Summon Ice Beast               Ice/Summoning                4
   f - Condensation Shield            Ice                          4
   Trog disapproves of the use of such an item.
 N - a book of Conjurations

   Spells                             Type                      Level
   a - Magic Dart                     Conjuration                  1
   b - Searing Ray                    Conjuration                  2
   c - Dazzling Spray                 Conjuration/Hexes            3
   d - Fulminant Prism                Conjuration/Hexes            4
   e - Iskenderun's Mystic Blast      Conjuration                  4
   f - Iskenderun's Battlesphere      Conjuration/Charms           5
   Trog disapproves of the use of such an item.
Comestibles
 f - 7 slices of pizza
 n - 7 beef jerkies
 G - 2 bread rations
 K - 3 meat rations


   Skills:
 + Level 15.7 Fighting
 + Level 18.4 Maces & Flails
 - Level 2.6 Dodging


You had 11 spell levels left.
You didn't know any spells.

Dungeon Overview and Level Annotations

Branches:
Dungeon (10/15)            Temple (0/1) D:6            Lair (3/8) D:8
    Orc (0/4) D:10
  Swamp: Lair:3-6    Shoals: Lair:3-6     Snake: Lair:3-6    Spider: Lair:3-6

Altars:
Cheibriados
Elyvilon
Gozag
Okawaru
Qazlal
Sif Muna
Trog
Zin

Shops:
D:6 [[   D:8 *   D:10 [

Annotations:
D:3 Blork the orc
Lair:2 Maka's ghost, journeyman HaFi


Innate Abilities, Weirdness & Mutations

You are too large for most types of armour.
You have tough skin (AC +1).


Message History

Your black bear completely misses Maka's ghost. x2
Your two-headed ogre completely misses Maka's ghost. x2
Maka's ghost hits you!!
* * * LOW HITPOINT WARNING * * *
Maka's ghost burns you.
* * * LOW HITPOINT WARNING * * *
Drink which item? (? for menu, Esc to quit)
It was a potion of degeneration.
There was something very wrong with that liquid.
You feel clumsy.
Your black bear bites Maka's ghost.
Your black bear closely misses Maka's ghost. x2
Use which ability?
You're too hungry to go berserk.
Eat which item? (? for menu, Esc to quit)
You are feeling hungry.
Your two-headed ogre completely misses Maka's ghost.
Your two-headed ogre barely misses Maka's ghost.
Maka's ghost hits you!!
You die...

#.#....######....#
##.....##.#P....##
#......#........#
#....##.........#
##...............##
#.................##
###.O.............P#
##§W..P..........##
#@h#.............#
####..............
##..............
###..............#
##....<............
#..#..^...........#
###.#..........##..
#.##.#.........####
###.............###.


You could see Maka's ghost, a friendly two-headed ogre (berserk) and a friendly
black bear (berserk).

Vanquished Creatures
  Urug (Lair:2)
  The ghost of Darguel the Bludgeoner, a novice OgBe of Trog (D:6)
  Pikel (D:6)
  A hill giant (D:10)
  3 spiny frogs (Lair:2)
  A black mamba (Lair:1)
  2 komodo dragons (Lair:1)
  Prince Ribbit (D:8)
  A blink frog (Lair:1)
  A hog (D:8)
  A wyvern (D:8)
  11 yaks
  2 hungry ghosts
  A human (D:8)
  5 wolves
  3 hippogriffs (D:10)
  Edmund (D:6)
  2 water moccasins
  Duvessa (D:6)
  3 sky beasts
  5 ice beasts
  2 porcupines (Lair:2)
  4 orc warriors
  A phantom (D:7)
  2 black bears
  A necrophage (D:8)
  10 ogres
  3 centaurs
  A swamp drake (D:10)
  2 crocodiles
  A big kobold (D:10)
  Dowan (D:6)
  4 giant frogs
  2 scorpions
  A water moccasin skeleton (D:8)
  A giant frog zombie (D:8)
  9 wights (D:8)
  2 crimson imps
  A wasp zombie (D:5)
  12 jellies
  4 hounds
  Crazy Yiuf (D:5)
  4 iguanas
  2 centaur skeletons
  25 orc wizards
  4 orc priests
  10 sheep
  2 worker ants
  A hound zombie (D:7)
  A hound skeleton (D:5)
  11 adders
  4 gnolls (D:2)
  2 adder skeletons (D:5)
  An adder zombie (D:10)
  5 worms
  5 giant geckos
  37 orcs
  4 bats (D:1)
  2 giant cockroaches
  5 goblins
  8 hobgoblins
  2 jackals (D:5)
  10 kobolds
  3 quokkas
  3 ball pythons
  A giant gecko skeleton (D:4)
  7 giant newts
  A jackal skeleton (D:2)
  A quokka skeleton (D:3)
  10 rats
284 creatures vanquished.

Vanquished Creatures (collateral kills)
  Gastronok (Lair:2)
  A hydra (Lair:1)
  An elephant (D:8)
  A giant frog (Lair:2)
  A worker ant (D:8)
5 creatures vanquished.

Vanquished Creatures (others)
  A sky beast (D:7)
  3 fungi (Lair:2)
  A plant (Lair:1)
5 creatures vanquished.

Grand Total: 294 creatures vanquished

Notes
Turn   | Place    | Note
--------------------------------------------------------------
     0 | D:1      | Arkorax the Ogre Berserker began the quest for the Orb.
     0 | D:1      | Reached XP level 1. HP: 24/24 MP: 1/1
   108 | D:1      | Reached XP level 2. HP: 19/33 MP: 2/2
   654 | D:1      | Reached XP level 3. HP: 29/40 MP: 3/3
   742 | D:1      | Reached ** piety under Trog
   840 | D:2      | Reached skill level 5 in Maces & Flails
  1098 | D:2      | Reached skill level 5 in Fighting
  1105 | D:2      | Reached XP level 4. HP: 35/50 MP: 4/4
  2060 | D:3      | Noticed a moth of wrath
  2063 | D:3      | Found a bloodstained altar of Trog.
  2335 | D:3      | Reached skill level 6 in Maces & Flails
  2335 | D:3      | Reached XP level 5. HP: 44/59 MP: 5/5
  2541 | D:3      | Noticed Blork the orc
  2552 | D:3      | Found a deep blue altar of Sif Muna.
  2975 | D:3      | Upgraded the game from 0.17-a0-2108-g65e8068 to 0.17-a0-2115-g0d8b93e
  2976 | D:3      | Found an iron altar of Okawaru.
  3186 | D:4      | Got a steaming rapier
  3187 | D:4      | Identified the +1 rapier of the Illusory Beggars {flame, Dex+3} (You found it on level 4 of the Dungeon)
  3193 | D:4      | Found a snail-covered altar of Cheibriados.
  3304 | D:4      | Noticed an ogre
  3334 | D:4      | Killed an ogre
  3334 | D:4      | Reached XP level 6. HP: 68/68 MP: 6/6
  3518 | D:5      | Entered Level 5 of the Dungeon
  3578 | D:5      | Reached skill level 7 in Maces & Flails
  4004 | D:5      | Reached XP level 7. HP: 58/78 MP: 7/7
  4109 | D:5      | Reached skill level 8 in Maces & Flails
  4204 | D:5      | Found a white marble altar of Elyvilon.
  4719 | D:5      | Reached skill level 9 in Maces & Flails
  4784 | D:5      | Noticed Crazy Yiuf
  4789 | D:5      | Killed Crazy Yiuf
  4900 | D:6      | Reached XP level 8. HP: 76/89 MP: 8/8
  4977 | D:6      | Found a staircase to the Ecumenical Temple.
  4987 | D:6      | Noticed Darguel's ghost (novice OgBe)
  5000 | D:6      | Killed Darguel's ghost
  5000 | D:6      | Reached skill level 10 in Maces & Flails
  5256 | D:6      | Found Fuvau's Armour Shop.
  5392 | D:6      | Noticed Edmund
  5405 | D:6      | Killed Edmund
  5405 | D:6      | Reached skill level 10 in Fighting
  5405 | D:6      | Reached skill level 11 in Maces & Flails
  5506 | D:6      | Noticed Pikel
  5526 | D:6      | Killed Pikel
  5526 | D:6      | Reached skill level 12 in Maces & Flails
  5526 | D:6      | Reached XP level 9. HP: 54/102 MP: 9/9
  5845 | D:6      | Found Zebreo's Antique Armour Boutique.
  5853 | D:6      | Bought a runed robe for 16 gold pieces
  5965 | D:6      | Noticed Duvessa
  5966 | D:6      | Noticed Dowan
  5975 | D:6      | Killed Duvessa
  5983 | D:6      | Killed Dowan
  5983 | D:6      | Reached *** piety under Trog
  6497 | D:7      | Reached skill level 13 in Maces & Flails
  6650 | D:7      | Reached **** piety under Trog
  6870 | D:7      | Reached XP level 10. HP: 115/115 MP: 10/10
  6997 | D:7      | Reached skill level 14 in Maces & Flails
  7224 | D:8      | Received a gift from Trog
  7317 | D:8      | Found a staircase to the Lair.
  7340 | D:8      | Noticed an elephant
  7347 | D:8      | Killed an elephant
  8009 | D:8      | Found Mistroomp's General Store.
  8197 | D:8      | Reached skill level 15 in Maces & Flails
  8485 | D:8      | Received a gift from Trog
  8515 | D:8      | Found a stormy altar of Qazlal.
  8539 | D:8      | Found a glowing silver altar of Zin.
  8539 | D:8      | Found an opulent altar of Gozag.
  8666 | D:9      | Noticed Prince Ribbit
  8679 | D:8      | Killed Prince Ribbit
  8679 | D:8      | Reached XP level 11. HP: 122/127 MP: 11/11
  8834 | D:9      | Reached skill level 16 in Maces & Flails
  9237 | D:9      | Reached ***** piety under Trog
  9266 | D:10     | Entered Level 10 of the Dungeon
  9361 | D:10     | Found Wumyrch's Armour Emporium.
  9495 | D:10     | Noticed a hill giant
  9501 | D:10     | Killed a hill giant
 10099 | D:10     | Found a staircase to the Orcish Mines.
 10386 | Lair:1   | Entered Level 1 of the Lair of Beasts
 10436 | Lair:1   | Reached skill level 17 in Maces & Flails
 11104 | Lair:1   | Noticed a four-headed hydra
 11135 | Lair:1   | Killed a four-headed hydra
 11492 | Lair:1   | Reached skill level 15 in Fighting
 11805 | Lair:2   | Noticed Gastronok
 11816 | Lair:2   | Killed Gastronok
 11816 | Lair:2   | Reached skill level 18 in Maces & Flails
 11816 | Lair:2   | Reached XP level 12. HP: 143/143 MP: 12/12
 11842 | Lair:2   | Noticed Maka's ghost (journeyman HaFi)
 12538 | Lair:2   | Noticed Urug
 12545 | Lair:2   | Killed Urug
 13066 | Lair:3   | Noticed an eight-headed hydra
 13088 | Lair:2   | HP: 7/144 [Maka's ghost (21)]
 13088 | Lair:2   | HP: 2/144 [Maka's ghost (5)]
 13090 | Lair:2   | Demolished by Maka's ghost

Vault maps used:
D:1:      tarquinn_simple_flora_water_e, roderic_whirl, serial_bayou_lake_a
D:2:      first_bread
D:3:      okawaru_altar_gauntlet_db, tgw_sif, minmay_misc_feat_tower,
          amethyst_killhole, nrook_loot_triangle,
          hangedman_decor_diamond_cutter, tgw_trog
D:4:      cheibriados_altar_1
D:5:      wad_crossroads, lemuel_doored_altar, uniq_crazy_yiuf_cottage
D:6:      minmay_temple_entry_mist, serial_shops, shop, shop, uniq_edmund,
          uniq_duvessa, uniq_pikel
D:7:      minmay_flawed_box
D:8:      grunt_temple_overflow_gold_and_silver, kennysheep_mini,
          david_lair_generic, serial_shops, shop, grunt_livestock
D:9:      uniq_prince_ribbit1, uniq_psyche
D:10:     erik_orc_1, serial_shops, kennysheep_little_box,
          minmay_misc_feat_room, grunt_decor_clamped
Lair:1:   beast_lair_carwin_10
Lair:2:   minivault_24, uniq_urug, uniq_gastronok
Lair:3:   forest_entry_grove, serial_bayou_shore_b

Action                   |  1- 3 |  4- 6 |  7- 9 | 10-12 || total
-------------------------+-------+-------+-------+-------++-------
Melee: Mace              |   100 |   159 |    98 |       ||   357
       Flail             |       |       |   180 |   281 ||   461
       Giant spiked club |       |       |       |   297 ||   297
Invok: Berserk           |     2 |     2 |     5 |     5 ||    14
       Trog's Hand       |     1 |     2 |       |     4 ||     7
       Brothers in Arms  |       |       |       |    10 ||    10
  Use: Scroll            |       |       |    12 |     9 ||    21
       Potion            |       |       |       |     7 ||     7
 Stab: Sleeping          |       |     2 |       |       ||     2
       Distracted        |       |       |       |     1 ||     1
  Eat: Bread ration      |     1 |     1 |       |     4 ||     6
       Chunk             |       |     4 |     2 |     9 ||    15
       Meat ration       |       |     1 |     1 |       ||     2
       Pizza             |       |       |     1 |     3 ||     4
       Fruit             |       |       |     2 |       ||     2
       Beef jerky        |       |       |       |     1 ||     1
